 Dungeon Crawl Stone Soup version 0.21-a0-210-gbfa5647 (webtiles) character file.

42 wolfsongas the Poker (level 3, -1/27 HPs)
             Began as a Demonspawn Gladiator on Aug 21, 2017.
             Slain by a hobgoblin
             ... wielding a +0 club
              (7 damage)
             ... on level 2 of the Dungeon.
             The game lasted 00:01:53 (1191 turns).

wolfsongas the Poker (Demonspawn Gladiator)         Turns: 1191, Time: 00:01:54

Health: -1/27      AC:  4    Str: 15    XL:     3   Next: 33%
Magic:  3/3        EV: 12    Int:  9    God:
Gold:   115        SH:  0    Dex: 14    Spells: 2/2 levels left

rFire    . . .     SeeInvis .   a - +0 trident
rCold    . . .     Gourm    .   (no shield)
rNeg     . . .     Faith    .   b - +0 leather armour
rPois    .         Spirit   .   c - +0 helmet
rElec    .         Reflect  .   (no cloak)
rCorr    .         Harm     .   (no gloves)
MR       .....                  (no boots)
Stlth    +.........             (no amulet)
HPRegen  0.09/turn              k - ring of stealth
MPRegen  0.08/turn              (no ring)

@: confused, lethally poisoned (-1 -> -13), glowing
A: spiny 1
a: no special abilities


You were on level 2 of the Dungeon.
You were not hungry.

You visited 1 branch of the dungeon, and saw 3 of its levels.

You collected 115 gold pieces.

Inventory:

Hand Weapons
 a - a +0 trident (weapon)
Missiles
 d - 3 throwing nets (quivered)
Armour
 b - a +0 leather armour (worn)
 c - a +0 helmet (worn)
Jewellery
 k - a ring of stealth (left hand)
Scrolls
 g - a scroll of enchant weapon
 n - a scroll of random uselessness {unknown}
 q - a scroll of amnesia
 r - a scroll of enchant armour {unknown}
Potions
 e - a potion of ambrosia
 h - a potion of lignification {unknown}
 l - a potion of brilliance {unknown}
 m - a potion of curing {unknown}
 o - a potion of degeneration {unknown}
Comestibles
 f - 5 bread rations
 i - 4 chunks of flesh
 j - 4 fruits
 p - a meat ration


   Skills:
 - Level 2.0 Fighting
 * Level 4.0 Polearms
 - Level 1.7 Throwing
 - Level 2.6 Dodging


You had 2 spell levels left.
You didn't know any spells.

Dungeon Overview and Level Annotations

Branches:
Dungeon (3/15)

Altars:
Trog

Annotations:
D:3 daryashkoh's ghost, amateur CeAM


Innate Abilities, Weirdness & Mutations

You are partially covered in sharp spines.


Message History

You are too injured to fight recklessly!
You are too injured to fight recklessly!
You are too injured to fight recklessly!
You are too injured to fight recklessly!
You are too injured to fight recklessly!
* * * LOW HITPOINT WARNING * * *
You feel sick. Daryashkoh's ghost hits you.
* * * LOW HITPOINT WARNING * * *
The hobgoblin closely misses you. The adder closely misses you.
You climb upwards.
* * * LOW HITPOINT WARNING * * *
You feel sick.
There is a stone staircase leading down here.
It was a potion of ambrosia.
You are confused.
You feel invigorated.
* * * LOW HITPOINT WARNING * * *
You feel sick. The adder bites you but does no damage.
The hobgoblin hits you with a club!
You die...

#.##.##.###....#.......
#.##.#..# ##.#.#)###.#.
#.##..#.## #....>......
#.##.###.###.#...###.#.
#.##..#.###............
#.##.#..###..#.#.###...
#.#..............# #...
#.#..S.g..#..#.#.###.##
#.#...@...........)....
#...............#...###
#####.......######.......
#...........# ####.###
#.###.......#########.#
#.# ##.#.#............#
#.# ##...###########.#
#.# ##.....## #######.###
#.###..(....###..........


You could see an adder and a hobgoblin.

Vanquished Creatures
  A dart slug (D:2)
  2 leopard geckos
  5 giant cockroaches
  6 goblins
  2 hobgoblins
  3 jackals (D:2)
  6 bats
  5 kobolds
  5 rats
35 creatures vanquished.

Notes
Turn   | Place    | Note
-------+----------+-------------------------------------------
     0 | D:1      | wolfsongas the Demonspawn Gladiator began the quest for the Orb.
     0 | D:1      | Reached XP level 1. HP: 16/16 MP: 1/1
    82 | D:1      | Reached skill level 3 in Polearms
   214 | D:1      | Gained mutation: You are partially covered in sharp spines. [demonic ancestry]
   214 | D:1      | Reached XP level 2. HP: 22/22 MP: 2/2
   618 | D:2      | Reached XP level 3. HP: 26/27 MP: 3/3
   651 | D:2      | Found a bloodstained altar of Trog.
   951 | D:2      | Reached skill level 4 in Polearms
  1182 | D:3      | Noticed daryashkoh's ghost (amateur CeAM)
  1191 | D:2      | Slain by a hobgoblin

Vault maps used:
D:1:      dpeg_arrival_prison
D:2:      old_standard_altar, first_bread, wad_floor_pattern_1,
          serial_bayou_pond_d

Skill      XL: |  1  2  3 |
---------------+----------+-----
Polearms       | 3 4 |  4.0
Fighting       | |  2.0
Throwing       | |  1.7
Dodging        | |  2.6

Action                   || total
-------------------------++-------
Melee: Trident           ||    76
  Use: Scroll            ||     3
       Potion            ||     1
 Stab: Sleeping          ||     3
  Eat: Chunk             ||     1
Armor: Leather armour    ||    14
Dodge: Dodged            ||    42

Table legend:
 A = Spawn XP
 B = Non-spawn XP
 C = Spawn XP percentage of total XP
 D = Spawn monster count
 E = Non-spawn monster count
 F = Spawn count percentage of total count
 G = Total turns spent on level
                    A         B        C        D         E        F      G
               +---------+---------+-------+---------+---------+-------+---------
         Total |       1 |      59 |   1.7 |       1 |      34 |   2.9 |  1191
               +---------+---------+-------+---------+---------+-------+---------
           D:1 |       0 |      26 |   0.0 |       0 |      16 |   0.0 |   475
           D:2 |       1 |      33 |   2.9 |       1 |      18 |   5.3 |   708
               +---------+---------+-------+---------+---------+-------+---------
